 Dungeon Crawl Stone Soup version 0.29.0-13-gc9e81de378 (webtiles) character file.

Game seed: 7055470321597309617

53 Iusername the Conjurer (level 3, -7/21 HPs)
             Began as an Octopode Conjurer on Sept 7, 2022.
             Mangled by an iguana (14 damage)
             ... on level 3 of the Dungeon.
             The game lasted 00:03:22 (2841 turns).

Iusername the Conjurer (Octopode Conjurer)          Turns: 2841, Time: 00:03:22

Health: -7/21      AC:  1    Str:  8    XL:     3   Next: 87%
Magic:  6/6        EV: 13    Int: 20    God:
Gold:   84         SH:  0    Dex: 10    Spells: 5/6 levels left

rFire   . . .      SeeInvis .   e - +0 spear
rCold   . . .      Faith    .   (no shield)
rNeg    . . .      Spirit   .   (helmet restricted)
rPois   .          Reflect  .   (no amulet)
rElec   .          Harm     .   (no ring)
rCorr   .          Rampage  .   (no ring)
Will    .....                   (no ring)
Stlth   +++.......              (no ring)
HPRegen 0.07/turn               (no ring)
MPRegen 0.10/turn               (no ring)
                                (no ring)
                                (no ring)

@: no status effects
A: almost no armour, amphibious, 8 rings, camouflage 1, gelatinous body 1,
(nimble swimmer 1), tentacles
a: no special abilities


You were on level 3 of the Dungeon.
You visited 1 branch of the dungeon, and saw 3 of its levels.

You collected 84 gold pieces.

Inventory:

Hand Weapons
 d - a +0 hand axe
 e - a +0 spear (weapon)
Missiles
 m - a silver javelin (quivered)
Jewellery
 l - a ring of wizardry
Wands
 n - a wand of paralysis (5)
Scrolls
 b - a scroll of teleportation {unknown}
 h - a scroll of poison {unknown}
 j - 2 scrolls of silence {unknown}
 k - a scroll of identify {unknown}
 o - a scroll of magic mapping {unknown}
 p - a scroll of immolation {unknown}
Potions
 a - a potion of magic
 c - 3 potions of curing {unknown}
 f - a potion of haste {unknown}
 g - a potion of might {unknown}
 i - a potion of lignification {unknown}
 q - 2 potions of invisibility {unknown}


   Skills:
 + Level 0.1 Polearms
 + Level 2.1 Dodging
 + Level 3.2 Stealth
 + Level 2.1 Spellcasting
 + Level 5.0 Conjurations


You had 5 spell levels left.
You knew the following spells:

 Your Spells              Type           Power      Damage    Failure   Level
a - Magic Dart            Conj           88%        1d7       1%          1

Your spell library contained the following spells:

 Spells                   Type           Power      Damage    Failure   Level
 Searing Ray              Conj           44%        2d6       3%          2
 Dazzling Flash           Conj/Hex       24%        N/A       17%         3
 Fulminant Prism          Conj/Hex       6%         3d7       50%         4
 Iskenderun's Mystic Bla  Conj/Tloc      12%        2d5       50%         4


Dungeon Overview and Level Annotations

Branches:
Dungeon (3/15)

Altars:


Innate Abilities, Weirdness & Mutations

You cannot wear most types of armour.
You are amphibious.
You can wear up to eight rings at the same time.
Your skin changes colour to match your surroundings (Stealth+).
Your rubbery body absorbs attacks. (AC +1, EV +1)
((You are camouflaged when in or above water. (Stealth+)))
You have tentacles for arms and can constrict up to eight enemies at once.


Message History

The ball python hisses angrily.
You throw a silver javelin.
The silver javelin pierces through the ball python but does no damage.
The ball python is moderately wounded.
You throw a silver javelin.
The silver javelin pierces through the ball python!
You kill the ball python!
No target in view!
q - 2 glowing white potions
Found 2 gold pieces.
m - 4 silver javelins (gained 1)
m - 5 silver javelins (gained 1)
You now have 84 gold pieces (gained 2).
An iguana comes into view.
The iguana hisses angrily.
You throw a silver javelin.
The silver javelin pierces through the iguana but does no damage.
The iguana is lightly wounded.
You throw a silver javelin.
The silver javelin pierces through the iguana but does no damage.
The iguana is lightly wounded.
The iguana bites you.
You throw a silver javelin.
The silver javelin pierces through the iguana.
The iguana is heavily wounded.
The iguana closely misses you.
A gnoll comes into view. It is wielding a +0 flail.
You throw a silver javelin.
The silver javelin pierces through the iguana but does no damage.
The iguana is severely wounded.
The iguana bites you. The iguana barely misses you.
You hit the iguana but do no damage. Your grab misses the iguana.
The iguana is severely wounded.
The iguana bites you!
Ouch! That really hurt!
You closely miss the iguana. Your grab misses the iguana.
The iguana is severely wounded.
The iguana bites you!
Ouch! That really hurt!
You die...

#.###.....###.##.#####.#
#.............##.......#
........########.##.##.#
######.## #.# .# #.#
##.##.# #.# ##.....##.#
##'## #.........#
##...## #...####..#
##..>..## #..@# .#
##.......## #..l......#
##.........# #..g.###.##
.'.........+.......
##.........###....##
##.......## #..(..
##.....## ####.# ##...##
.# ##+##


You could see an iguana and a gnoll.

Vanquished Creatures
  A worm (D:3)
  2 dart slugs
  3 ball pythons
  7 endoplasms (D:1)
  6 giant cockroaches
  4 goblins
  2 hobgoblins
  4 kobolds (D:2)
  3 quokkas
  2 frilled lizards
  6 rats
40 creatures vanquished.

Notes
Turn   | Place    | Note
-------+----------+-------------------------------------------
     0 | D:1      | Iusername the Octopode Conjurer began the quest for the
                  | Orb.
     0 | D:1      | Reached XP level 1. HP: 11/11 MP: 3/3
   259 | D:1      | Reached XP level 2. HP: 17/17 MP: 1/5
   851 | D:1      | Found a faded altar of an unknown god.
   891 | D:1      | Reached XP level 3. HP: 21/21 MP: 4/6
  2369 | D:3      | Reached skill level 5 in Conjurations
  2841 | D:3      | Mangled by an iguana

Illustrated notes

Levels and vault maps discovered:
D:1:      dpeg_arrival_tiny_b, layout_basic, hellmonk_ecumenical_altar_run_dry,
          hangedman_decor_peaks_small
D:2:      layout_rooms, minmay_misc_feat_diagonals
D:3:      layout_loops_corners

Skill      XL: |  1  2  3 |
---------------+----------+-----
Stealth        | 3 |  3.2
Conjurations   | 5 |  5.0
Polearms       | |  0.1
Dodging        | |  2.1
Spellcasting   | |  2.1

Action                   || total
-------------------------++-------
Melee: Spear             ||    15
       Constrict         ||     5
       Tentacles         ||     5
       Punch             ||     1
Throw: Javelin           ||     6
 Cast: Magic Dart        ||    71
 Stab: Sleeping          ||     2
Armor: Skin              ||     1
Dodge: Dodged            ||     5
